 Dungeon Crawl Stone Soup version 0.31.0-32-g396128a36d (webtiles) character file.

Game seed: 9727102803910170186

28 PaiMei the Grave Robber (level 3, -5/24 HPs)
             Began as a Demonspawn Necromancer on Apr 11, 2024.
             Slain by a scorpion (6 damage)
             ... on level 4 of the Dungeon.
             The game lasted 00:01:31 (865 turns).

PaiMei the Grave Robber (Demonspawn Necromancer)     Turns: 865, Time: 00:01:32

Health: -5/24      AC:  2    Str:  8    XL:     3   Next: 0%
Magic:  5/6        EV: 12    Int: 17    God:
Gold:   68         SH:  0    Dex: 13    Spells: 5/6 levels left

rFire   . . .        f - +0 falchion
rCold   . . .        (no shield)
rNeg    . . .        a - +0 robe
rPois   .            (no helmet)
rElec   .            (no cloak)
rCorr   .            (no gloves)
SInv    .            (no boots)
Will    .....        (no amulet)
Stlth   ++           (no ring)
HPRegen 0.24/turn    (no ring)
MPRegen 0.10/turn

%: no passive effects
@: lethally poisoned (-5 -> -7)
A: demonic touch 1
a: no special abilities


You were on level 4 of the Dungeon.
You visited 1 branch of the dungeon, and saw 4 of its levels.

You collected 68 gold pieces.

Inventory:

Hand Weapons
 c - a +0 club
 f - a +0 falchion (weapon)
Armour
 a - a +0 robe (worn)
Jewellery
 e - a ring of protection from cold
Scrolls
 g - a scroll of teleportation {unknown}
 h - a scroll of butterflies {unknown}
Potions
 b - a potion of magic
 d - a potion of mutation {unknown}


   Skills:
 + Level 2.2 Dodging
 + Level 2.2 Stealth
 + Level 2.3 Spellcasting
 + Level 4.7 Necromancy


You had 5 spell levels left.
You knew the following spells:

 Your Spells              Type           Power      Damage    Failure   Level
a - Necrotise             Necr           72%        1d7       2%          1

Your spell library contained the following spells:

 Spells                   Type           Power      Damage    Failure   Level
 Vampiric Draining        Necr           18%        2d7       9%          3
 Animate Dead             Necr           18%        N/A       26%         4
 Lesser Beckoning         Tloc           2%         N/A       28%         2
 Gell's Gravitas          Tloc           1%         N/A       50%         3
 Teleport Other           Tloc           1%         N/A       50%         3
 Curse of Agony           Necr           18%        N/A       58%         5


Dungeon Overview and Level Annotations

Branches:
Dungeon (4/15)
 Temple: D:4-7

Altars:
Ru

Annotations:
D:4 3 runed translucent doors, ilwentz's ghost, amateur DgHu


Innate Abilities, Weirdness & Mutations

Your touch may inflict minor irresistible damage on your foes.


Message History

Your kobold skeleton barely misses the scorpion.
The scorpion attacks as it pursues you! The scorpion stings you.
You are lethally poisoned!
The scorpion poisons you!
There is a stone staircase leading up here.
Casting: Necrotise (safe; 2% risk of failure)
Confirm with . or Enter, or press ? or * to list all spells.
You don't know that spell.
You feel very sick.
Ilwentz's ghost says very slowly, "There's no hope."
Casting: Necrotise (safe; 2% risk of failure)
Confirm with . or Enter, or press ? or * to list all spells.
You don't know that spell.
You hit the scorpion. Your touch misses the scorpion.
The scorpion is moderately wounded.
* * * LOW HITPOINT WARNING * * *
You feel very sick. The scorpion misses you.
The scorpion stings you but does no damage.
You barely miss the scorpion.
The scorpion is moderately wounded.
* * * LOW HITPOINT WARNING * * *
You feel sick. The scorpion closely misses you.
Your kobold skeleton hits the scorpion but does no damage.
You closely miss the scorpion.
The scorpion is moderately wounded.
* * * LOW HITPOINT WARNING * * *
You feel sick. The scorpion barely misses you.
The ogre hits your kobold skeleton with a +0 giant club!!
Your kobold skeleton is destroyed!
The scorpion barely misses you.
You closely miss the scorpion.
The scorpion is moderately wounded.
* * * LOW HITPOINT WARNING * * *
You feel sick. The scorpion barely misses you.
You barely miss the scorpion. Your touch misses the scorpion.
The scorpion is moderately wounded.
* * * LOW HITPOINT WARNING * * *
You feel sick. The scorpion stings you.
You die...

...............
#................
#...............#
#......)........#
#...............
#...)........#
##......#....#
####<.........#
##..@sO......#...
#..#####+++###
##...#♣W...(.#
##..#..(....#
+..#....(..#
#..#(8.....#
...#...(.(.#
...######### .s..


You could see an ogre, a scorpion and ilwentz's ghost.

Vanquished Creatures
  An adder (D:4)
  2 endoplasms (D:1)
  A giant cockroach (D:1)
  3 goblins (D:1)
  A hobgoblin (D:1)
  2 quokkas (D:1)
  2 bats (D:1)
  A frilled lizard (D:1)
  2 kobolds
  3 rats (D:1)
18 creatures vanquished.

Vanquished Creatures (collateral kills)
  A goblin (D:4)
1 creature vanquished.

Grand Total: 19 creatures vanquished

Notes
Turn   | Place    | Note
-------+----------+-------------------------------------------
     0 | D:1      | PaiMei the Demonspawn Necromancer began the quest for the
                  | Orb.
     0 | D:1      | Reached XP level 1. HP: 13/13 MP: 3/3
    10 | D:1      | Found a faded altar of an unknown god.
   296 | D:1      | Gained mutation: Your touch may inflict minor irresistible
                  | damage on your foes. [demonic ancestry]
   296 | D:1      | Reached XP level 2. HP: 19/19 MP: 3/5
   792 | D:2      | You fall into a shaft and drop 1 floor!
   792 | D:3      | Found a sacrificial altar of Ru.
   806 | D:4      | Noticed ilwentz's ghost (amateur DgHu)
   806 | D:4      | Found a runed translucent gate.
   806 | D:4      | Found a runed translucent gate.
   806 | D:4      | Found a runed translucent gate.
   841 | D:4      | Noticed a scorpion
   849 | D:4      | Reached XP level 3. HP: 15/24 MP: 3/6
   853 | D:4      | Noticed an ogre
   865 | D:4      | HP: 1/24 [poisoned by a scorpion]
   865 | D:4      | Slain by a scorpion

Illustrated notes

Levels and vault maps discovered:
D:1:      amcnicky_arrival_choice, layout_rooms, ebering_ecumenical_altar_rust
D:2:      layout_rooms, uniq_robin
D:3:      layout_basic, vehumet_crystals, mainiacjoe_overflow_tiny_flanked,
          serial_shops, shop, shop, shop, nicolae_shop_hallway_plus, shop,
          minmay_door_square
D:4:      layout_rooms, ebering_ghost_rock_garden, serial_shops,
          nicolae_shop_mannequins, grunt_ministairs_15, minivault_25,
          kennysheep_boxes, uniq_ijyb

Skill      XL: |  1 |
---------------+----+-----
Stealth        | 2 |  2.2
Dodging        | 2 |  2.2
Spellcasting   | |  2.3
Necromancy     | |  4.7

Action                     || total
---------------------------++-------
  Melee: Unarmed           ||     1
         Falchion          ||     5
   Cast: Necrotise         ||    24
 Armour: Robe              ||    11
  Dodge: Dodged            ||    11
